 Dungeon Crawl Stone Soup version 0.31.0-4-g52a2dc7128 (webtiles) character file.

Game seed: 7666450525759096094

637 shadowrider38 the Cutter (level 7, -1/32 HPs)
             Began as a Vine Stalker Necromancer on Jan 21, 2024.
             Succumbed to a gnoll's poison
             ... on level 4 of the Dungeon.
             The game lasted 00:08:28 (4400 turns).

shadowrider38 the Cutter (Vine Stalker Necromancer) Turns: 4400, Time: 00:08:29

Health: -1/32      AC: 12    Str:  9 (10) XL:     7   Next: 50%
Magic:  7/11       EV:  7    Int: 14 (15) God:
Gold:   164        SH:  0    Dex: 16 (17) Spells: 9/10 levels left

rFire   . . .        a - +1 short sword
rCold   . . .        (no shield)
rNeg    + . .        e - +0 pearl dragon scales
rPois   .            f - +2 hat
rElec   .            (no cloak)
rCorr   .            (no gloves)
SInv    .            (no boots)
Will    +....        m - amulet of reflection Stlth
                     (no ring)
HPRegen 1.05/turn    (no ring)
MPRegen 0.12/turn

%: reflection, guardian spirit
@: confused, lethally poisoned (-1 -> -11), ambrosia-drunk, enlightened, flying
A: fangs 2, regeneration 1, magic shield, antimagic bite, no potion heal 2
a: no special abilities


You were on level 4 of the Dungeon.
You visited 1 branch of the dungeon, and saw 5 of its levels.

You collected 164 gold pieces.

Inventory:

Hand Weapons
 a - a +1 short sword (weapon)
Missiles
 G - 3 datura-tipped darts
Armour
 e - +0 pearl dragon scales (worn)
 f - a +2 hat (worn)
 i - a +2 leather armour of poison resistance
Jewellery
 m - an amulet of reflection (around neck)
Scrolls
 h - a scroll of enchant weapon
 l - a scroll of fog
 o - a scroll of amnesia
 p - 2 scrolls of vulnerability
 q - a scroll of noise {unknown}
 T - a scroll of teleportation
Potions
 b - a potion of magic
 c - a potion of attraction
 g - 2 potions of brilliance
 n - a potion of enlightenment


   Skills:
 + Level 7.1 Short Blades
 - Level 1.5 Dodging
 - Level 2.4 Stealth
 - Level 2.1 Spellcasting
 - Level 4.0 Necromancy


You had 9 spell levels left.
You knew the following spells:

 Your Spells              Type           Power      Damage    Failure   Level
a - Necrotise             Necr           48%        1d6       52%         1

Your spell library contained the following spells:

 Spells                   Type           Power      Damage    Failure   Level
 Vampiric Draining        Necr           12%        2d6       88%         3
 Blink                    Tloc           2%         N/A       99%         2
 Lesser Beckoning         Tloc           2%         N/A       99%         2
 Momentum Strike          Conj/Tloc      2%         3d8       99%         2
 Animate Dead             Necr           12%        N/A       99%         4
 Gell's Gravitas          Tloc           1%         N/A       100%        3
 Teleport Other           Tloc           1%         N/A       100%        3
 Curse of Agony           Necr           12%        N/A       100%        5


Dungeon Overview and Level Annotations

Branches:
Dungeon (5/15) Zot: 25696
 Temple: D:4-7

Altars:
Qazlal
Wu Jian

Annotations:
D:1 exclusion: downstairs
D:4 2 transporters, exclusion: downstairs, Pikel


Innate Abilities, Weirdness & Mutations

You have extremely sharp teeth.
Your natural rate of healing is unusually fast.
When hurt, damage is shared between your health and your magic reserves.
Your bite disrupts and absorbs the magic of your enemies.
Potions cannot restore your health.


Message History

You throw a poisoned dart. The poisoned dart hits the gnoll.
Throw: dart (poison)
Press: ? - help, Shift-Dir - straight line, f/p - gnoll
Aim: a gnoll, wielding a +1 halberd of venom (60% to hit)
You throw a poisoned dart.
The poisoned dart barely misses the gnoll.
The gnoll attacks as it pursues you! The gnoll hits you but does no damage.
You are poisoned.
You feel sick. The gnoll attacks as it pursues you!
The gnoll closely misses you.
You feel sick.
You feel sick.
You feel sick.
You feel sick.
You hit the gnoll. You bite the gnoll. You drain its power.
The gnoll is moderately wounded.
The gnoll hits you with a +1 halberd of venom!
You are more poisoned.
You hit the gnoll but do no damage. Your bite misses the gnoll.
The gnoll is moderately wounded.
You feel very sick.
The gnoll hits you with a +1 halberd of venom!
You are lethally poisoned!
You barely miss the gnoll. You bite the gnoll, but do no damage.
The gnoll is moderately wounded.
You feel very sick.
It was a potion of enlightenment.
You feel very buoyant.
You fly up into the air.
* * * LOW HITPOINT WARNING * * *
You feel very sick. The gnoll completely misses you.
It was a potion of degeneration.
There was something very wrong with that liquid.
You feel weakened.
You feel dopey.
You feel clumsy.
* * * LOW HITPOINT WARNING * * *
You feel very sick. You block the gnoll's attack.
You are confused.
Your system rejects the healing.
You feel invigorated.
* * * LOW HITPOINT WARNING * * *
You feel very sick. The gnoll barely misses you.
* * * LOW HITPOINT WARNING * * *
You feel sick.
The gnoll hits you from afar with a +1 halberd of venom!
* * * LOW HITPOINT WARNING * * *
You are more poisoned.
You're too confused to move!
You die...

##..### #..##
#...##.#.#.. ##..##
#..# ##.###.#..#.
##..## #[## #.#
#.#..[= #..## #.#
#.# #.##8$$ #..#
#.# ##.###..####
#.## #.#
#..##....... ..#
#>#####...........
#.#
##).##.............
#)#
#.@.............[..
>.#
#..................
..#
##g................
..#
#.................
.###
#.................
...##
#...............[.
....#
#.................
....#
#................[
....########
#.....((..........


You could see a gnoll.

Vanquished Creatures
  An ogre (D:4)
  A phantom (D:4)
  A lemure (D:4)
  Blork the orc (D:4)
  A bullfrog (D:4)
  A bombardier beetle (D:3)
  A hound (D:4)
  An orc wizard (D:4)
  7 gnolls
  7 adders
  5 dart slugs
  3 ribbon worms
  6 orcs
  10 ball pythons
  9 endoplasms
  5 giant cockroaches
  6 goblins
  7 hobgoblins
  3 jackals (D:1)
  A quokka (D:2)
  3 bats
  4 frilled lizards
  12 kobolds
  9 rats
105 creatures vanquished.

Vanquished Creatures (collateral kills)
  A frilled lizard (D:3)
1 creature vanquished.

Vanquished Creatures (others)
  A rat (D:3)
1 creature vanquished.

Grand Total: 107 creatures vanquished

Notes
Turn   | Place    | Note
-------+----------+-------------------------------------------
     0 | D:1      | shadowrider38 the Vine Stalker Necromancer began the quest
                  | for the Orb.
     0 | D:1      | Reached XP level 1. HP: 9/9 MP: 4/4
    67 | D:1      | Reached skill level 1 in Short Blades
   165 | D:1      | Reached XP level 2. HP: 13/13 MP: 1/6
   311 | D:1      | Reached skill level 2 in Short Blades
   586 | D:1      | Reached XP level 3. HP: 16/16 MP: 7/7
  1339 | D:2      | Reached skill level 3 in Short Blades
  1339 | D:2      | Reached XP level 4. HP: 19/21 MP: 5/8
  2192 | D:3      | Reached skill level 4 in Short Blades
  2291 | D:3      | Found a stormy altar of Qazlal.
  2300 | D:3      | Reached XP level 5. HP: 24/24 MP: 9/9
  2740 | D:4      | Noticed a phantom
  2783 | D:4      | Killed a phantom
  2784 | D:4      | Reached skill level 5 in Short Blades
  2791 | D:4      | Reached XP level 6. HP: 28/28 MP: 10/10
  2897 | D:3      | Reached skill level 6 in Short Blades
  2901 | D:4      | Found an ornate altar of the Wu Jian Council.
  3118 | D:4      | Found a transporter.
  3126 | D:4      | Found a transporter.
  3222 | D:4      | Reached XP level 7. HP: 31/32 MP: 9/11
  3432 | D:4      | Noticed Blork the orc
  3479 | D:4      | Killed Blork the orc
  3538 | D:5      | Entered Level 5 of the Dungeon
  3556 | D:4      | Noticed Pikel
  4310 | D:4      | Reached skill level 7 in Short Blades
  4399 | D:4      | HP: 1/32 [gnoll/+1 halberd of venom[a gnoll sergeant] (1)]
  4400 | D:4      | Succumbed to a gnoll's poison

Illustrated notes

Levels and vault maps discovered:
D:1:      saegor_arrival_simple_d, layout_loops_cross, minmay_pentomino_w4
D:2:      layout_rooms, minmay_between
D:3:      layout_loops_ring, overflow_temple_1_default, minmay_surrounded
D:4:      layout_layer_cave, gammafunk_temple_overflow_arena, uniq_pikel,
          uniq_blork_the_orc
D:5:      layout_rooms, minmay_temple_entry_drinking_statues, serial_shops,
          nicolae_shop_window_shopping, nicolae_figureground_sparkle

Skill      XL: |  1  2  3  4  5  6  7 |
---------------+----------------------+-----
Short Blades   | 1 2 3 4 5 6 7 |  7.1
Dodging        | |  1.5
Stealth        | |  2.4
Spellcasting   | |  2.1
Necromancy     | |  4.0

Action                     |  1- 3 |  4- 6 |  7- 9 || total
---------------------------+-------+-------+-------++-------
  Melee: Dagger            |   103 |     6 |       ||   109
         Unarmed           |     3 |       |       ||     3
         Bite              |    23 |    92 |    37 ||   152
         Punch             |     1 |     3 |     3 ||     7
         Short sword       |       |   292 |    97 ||   389
  Throw: Dart              |       |     2 |     7 ||     9
   Cast: Necrotise         |    25 |       |       ||    25
    Use: Scroll            |     2 |     7 |     2 ||    11
         Potion            |       |       |     3 ||     3
 Armour: Robe              |    29 |       |       ||    29
         Pearl dragon scal |    51 |   227 |    51 ||   329
  Dodge: Dodged            |    62 |   103 |    29 ||   194
  Block: Other             |       |       |    17 ||    17
